 Dungeon Crawl Stone Soup version 0.27.1-3-gb3d3a73c9e (webtiles) character file.

Game seed: 11345818916102247827

38 ABBCCCDDDD the Sneak (level 3, -18/23 HPs)
             Began as an Octopode Enchanter on Oct 7, 2021.
             Blown up by Ijyb (25 damage)
             ... with a mindburst bolt
             ... on level 3 of the Dungeon.
             The game lasted 00:04:18 (2185 turns).

ABBCCCDDDD the Sneak (Octopode Enchanter)           Turns: 2185, Time: 00:04:19

Health: -18/23     AC:  1    Str:  7    XL:     3   Next: 43%
Magic:  0/6        EV: 13    Int: 18    God:
Gold:   32         SH:  0    Dex: 14    Spells: 3/6 levels left

rFire    . . .     SeeInvis .   a - +1 dagger
rCold    . . .     Faith    .   (no shield)
rNeg     . . .     Spirit   .   (helmet restricted)
rPois    .         Reflect  .   (no amulet)
rElec    .         Harm     .   b - ring "Niuptotoj" {Wiz rCorr Dex+2 Stlth+}
rCorr    +         Rampage  .   (no ring)
Will     .....                  (no ring)
Stlth    +++++.....             (no ring)
HPRegen  0.07/turn              (no ring)
MPRegen  0.10/turn              (no ring)
                                (no ring)
                                (no ring)

@: no status effects
A: almost no armour, amphibious, 8 rings, camouflage 1, gelatinous body 1,
(nimble swimmer 1), tentacles
a: no special abilities


You were on level 3 of the Dungeon.
You visited 1 branch of the dungeon, and saw 3 of its levels.

You collected 32 gold pieces.

Inventory:

Hand Weapons
 a - a +1 dagger (weapon)
Jewellery
 b - the ring "Niuptotoj" (left tentacle) {Wiz rCorr Dex+2 Stlth+}
   (You acquired it on level 3 of the Dungeon)

   [ring of wizardry]

   It improves your spell success rate.
   Dex:       It affects your dexterity (+2).
   rCorr:     It protects you from acid and corrosion.
   Stlth:     It makes you more stealthy.
Potions
 c - a potion of magic {unknown}
 d - a potion of curing {unknown}


   Skills:
 + Level 1.1 Fighting
 + Level 1.7 Short Blades
 - Level 2.0 Dodging
 + Level 4.5 Stealth
 - Level 2.0 Spellcasting
 + Level 3.3 Hexes
 + Level 0.7 Ice Magic


You had 3 spell levels left.
You knew the following spells:

 Your Spells              Type           Power      Damage    Failure   Level
a - Corona                Hex            14%        N/A       1%          1
b - Ensorcelled Hibernat  Hex/Ice        18%        N/A       4%          2

Your spell library contained the following spells:

 Spells                   Type           Power      Damage    Failure   Level
 Confusing Touch          Hex            13%        N/A       6%          3
 Tukima's Dance           Hex            13%        N/A       6%          3
 Dazzling Flash           Conj/Hex       14%        N/A       11%         3


Dungeon Overview and Level Annotations

Branches:
Dungeon (3/15)

Altars:
Gozag

Annotations:
D:2 Natasha
D:3 1 runed translucent door, Crazy Yiuf, Grinder, Ijyb


Innate Abilities, Weirdness & Mutations

You cannot wear most types of armour.
You are amphibious.
You can wear up to eight rings at the same time.
Your skin changes colour to match your surroundings (Stealth+).
Your rubbery body absorbs attacks. (AC +1, EV +1)
((You are camouflaged near water. (Stealth+)))
You have tentacles for arms and can constrict up to eight enemies at once.


Message History

The orc looks drowsy...
Items here: ))) [[ ††.
The helpless orc fails to defend itself.
You puncture the orc!
You kill the orc!
You start resting.
Ijyb is nearby!
Casting: Ensorcelled Hibernation (safe; 4% risk of failure)
Confirm with . or Enter, or press ? or * to list all spells.
Aiming: Ensorcelled Hibernation (safe; 4% risk of failure)
Press: ? - help, Shift-Dir - straight line, f - Ijyb
Aim: Ijyb, wielding a +0 club, wearing a +0 chain mail and carrying a wand of mindburst (9) (wandering, hasn't noticed you, chance to affect: 50%)
Okay, then.
You start resting.
Magic restored.
Items here: ))) [[ ††.
Things that are here:
a +0 dagger; a +0 ring mail
Casting: Ensorcelled Hibernation (safe; 4% risk of failure)
Confirm with . or Enter, or press ? or * to list all spells.
Aiming: Ensorcelled Hibernation (safe; 4% risk of failure)
Press: ? - help, Shift-Dir - straight line, f - Ijyb
Aim: Ijyb, wielding a +0 club, wearing a +0 chain mail and carrying a wand of mindburst (9) (wandering, hasn't noticed you, chance to affect: 50%) Ijyb shouts!
Ijyb resists with some effort.
Ijyb zaps a wand.
Your mind is blasted!
Ouch! That really hurt!
Casting: Ensorcelled Hibernation (safe; 4% risk of failure)
Confirm with . or Enter, or press ? or * to list all spells.
Aiming: Ensorcelled Hibernation (safe; 4% risk of failure)
Press: ? - help, Shift-Dir - straight line, f/p - Ijyb
Aim: Ijyb, wielding a +0 club, wearing a +0 chain mail and carrying a wand of mindburst (8) (chance to affect: 50%) Ijyb resists with some effort.
Casting: Ensorcelled Hibernation (safe; 4% risk of failure)
Confirm with . or Enter, or press ? or * to list all spells.
Aiming: Ensorcelled Hibernation (safe; 4% risk of failure)
Press: ? - help, Shift-Dir - straight line, f/p - Ijyb
Aim: Ijyb, wielding a +0 club, wearing a +0 chain mail and carrying a wand of mindburst (8) (chance to affect: 50%) Ijyb resists with some effort.
Ijyb zaps a wand.
Your mind is blasted!
Ouch! That really hurt!
You die...

#...#.## #.
#...#..## #.
######...#...##
##
#.....####....#
# #.###)#
##..## ###
#.#.).# #....#
#.. #.#.####
♣....♣ ###
#......# ♣...♣♣
#.. ###@####
♣♣.♣♣ ### #.#
♣.♣♣ *,< #g#
♣♣.♣ *,,
*******#.#*
♣.♣♣ *,,
*,,,,,,...*
♣♣.♣ *,,
*,,,,,,...***
*#+#* *,,
*,,,,,,...,,*
*...* *,,
******##.#.#*
#...# #..
#####.#.##
#..)# #..


You could see Ijyb.

Levels and vault maps discovered:
D:1:      onia_arrival_mini_spirals, layout_basic, minmay_misc_feat_iff,
          minmay_split_cup_large
D:2:      layout_basic, minmay_octomino_e4, uniq_natasha, uniq_jessica
D:3:      layout_basic, mainiacjoe_overflow_small_starburst,
          uniq_crazy_yiuf_cottage, uniq_ijyb, uniq_robin, uniq_grinder

Notes
Turn   | Place    | Note
-------+----------+-------------------------------------------
     0 | D:1      | ABBCCCDDDD the Octopode Enchanter began the quest for the
                  | Orb.
     0 | D:1      | Reached XP level 1. HP: 11/11 MP: 3/3
   675 | D:1      | Reached XP level 2. HP: 2/18 MP: 5/5
  1022 | D:2      | Noticed Natasha
  1027 | D:2      | Noticed a crimson imp
  1085 | D:3      | Learned a level 2 spell: Ensorcelled Hibernation
  1440 | D:2      | Reached skill level 1 in Fighting
  1440 | D:2      | Reached XP level 3. HP: 23/23 MP: 1/6
  1656 | D:3      | Found a runed translucent door.
  1657 | D:3      | Noticed Crazy Yiuf
  1689 | D:3      | Found an opulent altar of Gozag.
  1698 | D:3      | Noticed Ijyb
  1937 | D:3      | Identified a scroll of acquirement
  1938 | D:3      | Acquired the ring "Niuptotoj" {Wiz rCorr Dex+2 Stlth+}
  1948 | D:3      | Noticed Grinder
  2185 | D:3      | Blown up by Ijyb

Table legend: (Time is in decaauts)
 A = Elapsed time spent in this place.
 B = Non-inter-level travel time spent in this place.
 C = Inter-level travel time spent in this place.
 D = Time resting spent in this place.
 E = Time spent auto-exploring this place.
 F = Levels seen in this place.
 G = Mean time per level.
                   A        B        C        D        E       F      G
               +--------+--------+--------+--------+--------+-----+--------+
         Total |   2181 |   2132 |     49 |    824 |    781 |   3 |  727.0 |
       Dungeon |   2181 |   2132 |     49 |    824 |    781 |   3 |  727.0 |
               +--------+--------+--------+--------+--------+-----+--------+

Top non-repeatable levels by time:
     D:3: 996 daAuts
     D:1: 694 daAuts
     D:2: 490 daAuts

Table legend:
 A = Kills in this place as a percentage of kills in entire the game.
 B = Kills by you in this place as a percentage of kills by you in the entire game.
 C = Kills by friends in this place as a percentage of kills by friends in the entire game.
 D = Other kills in this place as a percentage of other kills in the entire game.
 E = Experience gained in this place as a percentage of experience gained in the entire game.
 F = Experience gained in this place divided by the number of levels of this place that you have seen.
                   A       B       C       D       E      F
               +-------+-------+-------+-------+-------+----------------------
         Total | 100.0 | 100.0 |   N/A |   N/A | 100.0 |  18.3
       Dungeon | 100.0 | 100.0 |   N/A |   N/A | 100.0 |  18.3
               +-------+-------+-------+-------+-------+----------------------

Action                   || total
-------------------------++-------
Melee: Dagger            ||    50
       Tentacles         ||     6
       Constrict         ||     8
 Cast: Corona            ||     7
       Ensorcelled Hiber ||    10
  Use: Scroll            ||     5
 Stab: Sleeping          ||    15
Armor: Skin              ||     5
Dodge: Dodged            ||    26

Vanquished Creatures
  A worm (D:2)
  4 orcs (D:3)
  2 bats
  6 endoplasms
  A giant cockroach (D:3)
  2 goblins
  3 hobgoblins
  2 jackals (D:1)
  2 quokkas
  2 kobolds (D:3)
  A rat (D:1)
26 creatures vanquished.
